 Dungeon Crawl Stone Soup version 0.18-a0-1551-g40744a8 (webtiles) character file.

133158 Tomstefer the Severer (level 16, 0/149 HPs)
             Began as a Demonspawn Berserker on Mar 11, 2016.
             Was the Champion of Trog.
             Killed by angry trees
             ... awakened by a spriggan druid
              (7 damage)
             ... on level 4 of the Swamp.
             The game lasted 01:18:24 (32023 turns).

Tomstefer the Severer (Demonspawn Berserker)       Turns: 32023, Time: 01:18:24

Health: 0/149      AC: 32    Str: 21    XL:     16   Next: 59%
Magic:  5/5        EV:  5    Int: 10    God:    Trog [******]
Gold:   3275       SH:  4    Dex: 19    Spells: 0 memorised, 15 levels left

rFire  + + .     SeeInvis .     G - +5 executioner's axe (antimagic)
rCold  + + .     Gourm    .     Y - +8 gold dragon armour
rNeg   . . .     Faith    .     (shield currently unavailable)
rPois  +         Spirit   .     (helmet unavailable)
rElec  .         Dismiss  .     U - +0 cloak
rCorr  .         Reflect  +     i - +1 pair of gloves
SustAt .         Harm     .     N - +0 pair of boots
MR     +....                    V - +4 amulet of reflection
Stlth  ..........               T - ring of protection from cold
                                j - ring of protection from fire

@: very slightly contaminated, somewhat resistant to hostile enchantments,
extremely unstealthy
A: horns 3, thin skeletal structure 2, demonic guardian 1, robust 1, spiny 3
a: Berserk, Trog's Hand, Brothers in Arms, Burn Spellbooks, Renounce Religion


You were on level 4 of the Swamp.
You worshipped Trog.
Trog was exalted by your worship.
You were not hungry.

You visited 4 branches of the dungeon, and saw 29 of its levels.
You also visited: Ossuary, Ice Cave and Volcano.

You collected 3275 gold pieces.

Inventory:

Hand Weapons
 G - a +5 antimagic executioner's axe (weapon)
 X - a +4 scimitar of flaming
Armour
 i - a +1 pair of gloves (worn)
 N - a +0 pair of boots (worn)
 U - a +0 cloak (worn)
 Y - a +8 gold dragon armour (worn)
Jewellery
 j - a ring of protection from fire (left hand)
 l - an uncursed ring of resist corrosion
 T - a ring of protection from cold (right hand)
 V - a +4 amulet of reflection (around neck)
Wands
 a - a wand of iceblast (5/15)
 b - a wand of disintegration (5/24)
 m - a wand of paralysis (4/24)
 I - a wand of lightning (8/15)
 M - a wand of iceblast (9/15)
 W - a wand of confusion (14/48)
Scrolls
 d - a scroll of summoning
 f - 18 scrolls of remove curse
 q - a scroll of blinking
 t - 15 scrolls of identify
 u - 12 scrolls of teleportation
 v - 6 scrolls of magic mapping
 y - 4 scrolls of recharging
 z - 3 scrolls of enchant weapon
 E - 6 scrolls of fog
 H - 2 scrolls of fear
Potions
 e - 3 potions of magic
 h - 17 potions of curing
 n - 2 potions of ambrosia
 p - 4 potions of agility
 r - 2 potions of haste
 s - 6 potions of resistance
 w - 6 potions of heal wounds
 x - 2 potions of brilliance
 A - 4 potions of berserk rage
 C - 5 potions of cure mutation
 D - 2 potions of cancellation
 K - 3 potions of might
Comestibles
 c - 5 bread rations
 g - 36 fruits
 k - 7 meat rations
 o - 11 beef jerkies
 J - 6 slices of pizza
 P - 10 royal jellies


   Skills:
 + Level 15.3 Fighting
 * Level 19.5 Axes
 + Level 12.2 Armour
 - Level 1.7 Dodging


You had 15 spell levels left.
You didn't know any spells.

Dungeon Overview and Level Annotations

Branches:
Dungeon (15/15)            Temple (0/1) D:4            Lair (8/8) D:9
  Swamp (4/4) Lair:5        Snake (0/4) Lair:6        Slime (0/6) Lair:6
    Orc (2/2) D:12            Elf (0/3) Orc:2        Vaults (0/5) D:13
 Depths (0/5) D:15

Altars:
Ashenzari
Dithmenos
Kikubaaqudgha
Okawaru
Pakellas
Qazlal
Ru
Sif Muna
Vehumet
The Shining One
Beogh
Jiyva

Shops:
D:4 :   D:8 !   D:14 *   Orc:2 :(!?

Annotations:
Lair:4 exclusion: 3 oklob plants
Lair:7 exclusion: oklob plant


Innate Abilities, Weirdness & Mutations

You have a pair of large horns on your head.
You have a moderately thin skeletal structure (Dex +4, Stealth+).
A weak demonic guardian rushes to your aid.
You are robust (+10% HP).
You are completely covered in sharp spines.


Message History

The seven-headed hydra is struck by your spines.
The seven-headed hydra bites you but does no damage.
The seven-headed hydra bites you.
* * * LOW HITPOINT WARNING * * *
The seven-headed hydra barely misses you.
The seven-headed hydra bites you but does no damage. x2
You block the seven-headed hydra's attack. x2
The spriggan druid gestures at you while chanting.
The stone arrow hits you!
* * * LOW HITPOINT WARNING * * *
The swamp worm is struck by your spines.
The swamp worm bites you but does no damage.
You finish eating.
That bread ration really hit the spot!
Read which item? (? for menu, Esc to quit)
Blink to where?
Press: ? - help, Dir - move target cursor You are very lightly contaminated with residual magic.
As you read the scroll of blinking, it crumbles to dust.
A root smacks you from below.
You die...

≈≈..≈≈≈§♣♣.≈≈≈....
≈≈≈.≈≈≈.♣♣.≈≈≈..≈≈
..≈≈≈≈ii♣≈.≈≈≈..≈≈
♣.≈≈≈≈.§D..≈≈≈.♣♣
♣.≈≈≈≈≈w≈≈.≈≈≈.≈♣♣
♣.≈≈w≈≈..≈.≈≈≈...♣♣
.≈≈≈≈≈≈≈♣.≈♣♣....≈♣
≈≈≈≈≈.♣♣♣♣♣.†♣♣♣♣♣♣
≈≈≈≈≈. ♣♣♣♣@.♣
≈§≈≈≈.♣♣..†≈♣♣
≈≈..♣♣♣.≈≈≈.≈♣
♣.≈≈≈≈.≈♣ ♣♣≈≈♣§.♣♣
♣♣♣♣♣♣♣


You could see a seven-headed hydra, a spriggan druid and a spriggan.

Vanquished Creatures
  Saint Roka (Orc:2)
  Agnes (D:15)
  Gastronok (Lair:2)
  A thorn hunter (Swamp:2)
  A fire giant (D:15)
  Maud (D:11)
  Louise (D:15)
  A salamander stormcaller (D:15)
  The ghost of dvd the Grappler, a journeyman TrBe of Trog (D:10)
  Josephine (Lair:6)
  8 hydras
  A ghost crab (Swamp:3)
  11 alligators
  A death knight (D:14)
  3 catoblepae (Lair:8)
  2 centaur warriors
  16 death yaks
  2 tengu warriors (D:14)
  Nergalle (Orc:2)
  A fire crab (Lair:7)
  2 unseen horrors
  2 spriggan druids
  4 swamp dragons
  A lindwurm (Lair:8)
  2 shambling mangroves (Swamp:1)
  3 hill giants
  A deep elf mage (D:15)
  A wolf spider (Orc:1)
  2 necromancers
  A wolf spider zombie (D:15)
  A hornet (Swamp:2)
  2 manticores
  A wizard (D:13)
  11 ugly things
  10 orc sorcerers
  4 cyclopes
  10 elephants
  2 griffons
  5 black mambas
  3 ice statues
  2 guardian serpents (D:11)
  Joseph (D:7)
  3 gargoyles
  A spiny frog (shapeshifter) (D:14)
  21 spiny frogs
  3 kobold demonologists
  7 komodo dragons
  2 efreet
  6 ice devils
  A harpy zombie (D:15)
  A queen bee (D:9)
  7 trolls
  3 polar bears
  3 two-headed ogres
  Prince Ribbit (D:6)
  6 giant leeches
  10 slime creatures
  Grinder (D:6)
  A harpy skeleton (D:15)
  3 blink frogs (Lair:6)
  A redback (Orc:1)
  2 tarantellas (Orc:1)
  3 wyverns
  A vampire (D:12)
  7 spriggans
  2 shadows
  A hog (Lair:6)
  6 wraiths
  A basilisk (Lair:8)
  29 yaks
  Grum (D:8)
  8 vampire mosquitoes
  Menkaure (D:6)
  11 hippogriffs
  A hungry ghost (D:14)
  3 nagas (Lair:6)
  A steam dragon (D:9)
  11 insubstantial wisps
  A warg (Orc:2)
  8 swamp worms
  Duvessa (D:7)
  16 porcupines
  17 water moccasins
  3 phantoms
  12 swamp drakes
  2 eyes of draining
  23 orc warriors
  19 ice beasts
  3 sky beasts
  3 black bears
  9 wasps
  A necrophage (D:9)
  10 ogres
  14 wolves
  10 centaurs
  19 crocodiles
  Blork the orc (D:6)
  14 giant frogs
  3 big kobolds
  3 gnoll sergeants (D:12)
  2 wyvern zombies (Ossuary)
  A wyvern skeleton (D:11)
  2 scorpions
  Dowan (D:7)
  23 killer bees (D:9)
  8 wights
  11 bog bodies
  An electric eel (Lair:1)
  4 howler monkeys (D:8)
  2 wasp zombies
  8 crimson imps
  5 giant frog zombies
  6 hounds
  A draconian simulacrum (IceCv)
  6 jellies
  2 centaur zombies
  35 orc wizards
  13 orc priests
  3 centaur skeletons
  A giant frog skeleton (D:11)
  8 iguanas
  Ijyb (D:3)
  6 hell rats (Lair:5)
  8 worker ants
  2 polar bear simulacra (D:9)
  3 troll simulacra (IceCv)
  A spriggan simulacrum (IceCv)
  2 yak simulacra (D:9)
  14 sheep
  2 wolf simulacra (D:9)
  A centaur simulacrum (IceCv)
  A hound zombie (Ossuary)
  2 hound skeletons
  2 howler monkey zombies
  12 mummies
  2 worker ant zombies (Ossuary)
  6 gnolls
  3 howler monkey skeletons
  An ogre simulacrum (IceCv)
  15 adders
  3 naga simulacra (IceCv)
  87 river rats
  3 shadow imps
  3 white imps (D:15)
  6 adder zombies
  4 adder skeletons
  5 worms
  2 dart slugs
  6 giant geckos
  82 orcs
  6 bats
  5 giant cockroaches
  4 goblins
  4 hobgoblins
  11 jackals
  11 kobolds
  9 quokkas
  A giant cockroach zombie (Ossuary)
  A giant gecko zombie (Ossuary)
  2 giant newts
  A jackal skeleton (D:4)
  A jackal zombie (D:7)
  2 quokka skeletons
  9 rats
  2 river rat simulacra (D:9)
  4 fungi
  7 plants
997 creatures vanquished.

Vanquished Creatures (collateral kills)
  Kirke (Lair:6)
  An ogre mage (Orc:2)
  4 hydras
  An alligator (Swamp:1)
  A death yak (Lair:8)
  Urug (D:14)
  An unseen horror (D:15)
  An ugly thing (D:15)
  3 spiny frogs
  A bog body (Swamp:1)
  A slime creature (Swamp:2)
  2 hogs (Lair:6)
  3 orc warriors
  An ice beast (D:14)
  An ogre (D:12)
  A centaur (D:14)
  3 crocodiles
  2 big kobolds (D:12)
  2 gnoll sergeants (D:12)
  A hound (D:14)
  An orc wizard (Orc:2)
  An iguana (Lair:1)
  A wolf simulacrum (D:9)
  2 yak simulacra (D:9)
  A howler monkey zombie (D:11)
  7 river rats
  5 orcs
  A giant newt (Lair:5)
51 creatures vanquished.

Vanquished Creatures (others)
  A human (Lair:6)
  3 wights
  An orc wizard (Orc:2)
  An iguana (Lair:5)
  An orc (Orc:2)
  2 briar patches (Swamp:2)
  A fire vortex (Volcano)
  11 fungi
  6 plants (Lair:8)
  A withered plant (Ossuary)
28 creatures vanquished.

Grand Total: 1076 creatures vanquished

Notes
Turn   | Place    | Note
--------------------------------------------------------------
     0 | D:1      | Tomstefer the Demonspawn Berserker began the quest for the Orb.
     0 | D:1      | Reached XP level 1. HP: 18/18 MP: 1/1
    94 | D:1      | Reached skill level 3 in Axes
   169 | D:1      | Gained mutation: You have a pair of small horns on your head. [demonic ancestry]
   169 | D:1      | Reached XP level 2. HP: 22/24 MP: 2/2
   621 | D:2      | Reached XP level 3. HP: 29/29 MP: 3/3
   866 | D:2      | Reached ** piety under Trog
   947 | D:2      | Found a shattered altar of Ashenzari.
  1321 | D:3      | Noticed Ijyb
  1330 | D:3      | Reached skill level 4 in Axes
  1331 | D:3      | Killed Ijyb
  1331 | D:3      | Gained mutation: You have a somewhat thin skeletal structure (Dex +2, Stealth). [demonic ancestry]
  1331 | D:3      | Reached XP level 4. HP: 35/37 MP: 4/4
  1576 | D:3      | Gained mutation: You are partially covered in sharp spines. [demonic ancestry]
  1576 | D:3      | Reached XP level 5. HP: 42/42 MP: 5/5
  1612 | D:3      | Reached skill level 5 in Axes
  1730 | D:3      | Reached *** piety under Trog
  2040 | D:4      | Found a sand-covered staircase.
  2044 | D:4      | Gained mutation: You are mostly covered in sharp spines. [demonic ancestry]
  2044 | D:4      | Reached XP level 6. HP: 49/49 MP: 6/6
  2051 | Ossuary  | Entered an ossuary
  2106 | Ossuary  | Reached skill level 6 in Axes
  2132 | Ossuary  | Reached skill level 5 in Fighting
  2138 | Ossuary  | Reached XP level 7. HP: 3/56 MP: 7/7
  2436 | Ossuary  | Reached skill level 7 in Axes
  2801 | Ossuary  | Gained mutation: You have a pair of horns on your head. [demonic ancestry]
  2801 | Ossuary  | Reached XP level 8. HP: 52/64 MP: 8/8
  2856 | D:4      | Found a radiant altar of Vehumet.
  2867 | D:4      | Found Suusaem's Book Shop.
  3049 | D:4      | Reached skill level 8 in Axes
  3171 | D:4      | Found a staircase to the Ecumenical Temple.
  3231 | D:4      | Found a stormy altar of Qazlal.
  3279 | D:5      | Entered Level 5 of the Dungeon
  3367 | D:5      | Found a glowing golden altar of the Shining One.
  3453 | D:5      | Found a sacrificial altar of Ru.
  4132 | D:6      | Reached **** piety under Trog
  4140 | D:6      | Reached skill level 9 in Axes
  4156 | D:6      | Noticed Menkaure
  4157 | D:6      | Found an iron altar of Okawaru.
  4162 | D:6      | Killed Menkaure
  4165 | D:6      | Gained mutation: A weak demonic guardian rushes to your aid. [demonic ancestry]
  4165 | D:6      | Reached XP level 9. HP: 72/72 MP: 9/9
  4467 | D:6      | Noticed Grinder
  4468 | D:6      | Noticed Prince Ribbit
  4469 | D:6      | Noticed Blork the orc
  4487 | D:6      | Killed Blork the orc
  4493 | D:6      | Killed Grinder
  4493 | D:6      | Reached skill level 10 in Axes
  4496 | D:6      | Killed Prince Ribbit
  4589 | D:7      | Noticed Duvessa
  4589 | D:7      | Noticed Dowan
  4596 | D:7      | Killed Dowan
  4597 | D:7      | Killed Duvessa
  4630 | D:7      | Found a deep blue altar of Sif Muna.
  4631 | D:7      | Noticed Joseph
  4636 | D:7      | Killed Joseph
  4872 | D:7      | Reached ***** piety under Trog
  5068 | D:7      | Found a shadowy altar of Dithmenos.
  5782 | D:8      | Reached skill level 11 in Axes
  5785 | D:8      | Noticed Grum
  5794 | D:8      | Gained mutation: You are completely covered in sharp spines. [demonic ancestry]
  5794 | D:8      | Reached XP level 10. HP: 82/82 MP: 10/10
  5799 | D:8      | Killed Grum
  6338 | D:8      | Found an oddly glowing altar of Pakellas.
  6485 | D:8      | Found Muashaxe's Distillery.
  6885 | D:9      | Received a gift from Trog
  7224 | D:9      | Noticed a gargoyle
  7239 | D:9      | Killed a gargoyle
  7239 | D:9      | Reached skill level 12 in Axes
  7397 | D:9      | Noticed a red ugly thing
  7404 | D:9      | Killed a red ugly thing
  7404 | D:9      | Reached skill level 10 in Fighting
  8033 | D:9      | Found an iron altar of Okawaru.
  8196 | D:9      | Noticed a necromancer
  8200 | D:9      | Killed a necromancer
  8215 | D:9      | Gained mutation: You are robust (+10% HP). [demonic ancestry]
  8215 | D:9      | Reached XP level 11. HP: 63/100 MP: 11/11
  8577 | D:9      | Found a staircase to the Lair.
  9168 | D:9      | Reached skill level 13 in Axes
  9398 | D:10     | Entered Level 10 of the Dungeon
  9425 | D:10     | Noticed dvd's ghost (journeyman TrBe)
  9438 | D:10     | Killed dvd's ghost
 10179 | Lair:1   | Entered Level 1 of the Lair of Beasts
 10179 | Lair:1   | Noticed a seven-headed hydra
 10192 | Lair:1   | Killed an 11-headed hydra
 10235 | Lair:1   | Reached skill level 5 in Armour
 10240 | Lair:1   | Found a frozen archway.
 10251 | Lair:1   | Received a gift from Trog
 10276 | IceCv    | Entered an ice cave
 11077 | IceCv    | Noticed a necromancer
 11082 | IceCv    | Killed a necromancer
 11508 | Lair:1   | Reached skill level 14 in Axes
 11508 | Lair:1   | Reached XP level 12. HP: 99/108 MP: 12/12
 12188 | Lair:1   | You fall through a shaft!
 12447 | Lair:2   | Noticed Gastronok
 12455 | Lair:2   | Killed Gastronok
 12623 | Lair:2   | Received a gift from Trog
 13135 | Lair:2   | Reached ****** piety under Trog
 13748 | Lair:3   | Noticed a four-headed hydra
 13753 | Lair:3   | Killed a six-headed hydra
 14382 | Lair:4   | Found a dark tunnel.
 14388 | Volcano  | Entered a volcano
 14400 | Volcano  | Reached skill level 15 in Axes
 14760 | Lair:4   | Received a gift from Trog
 15179 | Lair:4   | Reached XP level 13. HP: 115/117 MP: 4/13
 15624 | Lair:5   | Found a staircase to the Swamp.
 16341 | Lair:6   | Noticed Kirke
 16352 | Lair:6   | Killed Kirke
 16559 | Lair:6   | Received a gift from Trog
 16713 | Lair:6   | Found a shadowy altar of Dithmenos.
 16732 | Lair:6   | Reached skill level 16 in Axes
 16880 | Lair:6   | Found a staircase to the Snake Pit.
 16960 | Lair:6   | Found a staircase to the Slime Pits.
 16960 | Lair:6   | Found a viscous altar of Jiyva.
 16960 | Lair:6   | Noticed Josephine
 16967 | Lair:6   | Killed Josephine
 17760 | Lair:7   | Received a gift from Trog
 18515 | Lair:7   | Reached XP level 14. HP: 127/127 MP: 4/14
 18524 | Lair:8   | Entered Level 8 of the Lair of Beasts
 18860 | Lair:8   | Reached skill level 17 in Axes
 19132 | Lair:8   | Received a gift from Trog
 20640 | D:11     | Noticed Maud
 20664 | D:11     | Killed Maud
 20664 | D:11     | Reached skill level 10 in Armour
 22021 | D:12     | Found a staircase to the Orcish Mines.
 22042 | D:12     | Received a gift from Trog
 22071 | Orc:1    | Entered Level 1 of the Orcish Mines
 22707 | Orc:2    | Entered Level 2 of the Orcish Mines
 22732 | Orc:2    | Found a staircase to the Elven Halls.
 23049 | Orc:2    | Gained mutation: You have a moderately thin skeletal structure (Dex +4, Stealth+). [demonic ancestry]
 23049 | Orc:2    | Reached XP level 15. HP: 137/137 MP: 5/15
 23135 | Orc:2    | Received a gift from Trog
 23138 | Orc:2    | Noticed Saint Roka
 23156 | Orc:2    | Killed Saint Roka
 23478 | Orc:2    | Found Qaur's Book Boutique.
 23826 | Orc:2    | Found an ancient bone altar of Kikubaaqudgha.
 23827 | Orc:2    | Noticed Nergalle
 23831 | Orc:2    | Received a gift from Trog
 23831 | Orc:2    | Reached skill level 18 in Axes
 23839 | Orc:2    | Killed Nergalle
 23887 | Orc:2    | Found a radiant altar of Vehumet.
 23900 | Orc:2    | Found a roughly hewn altar of Beogh.
 23900 | Orc:2    | Found Gashod's Magic Scroll Boutique.
 23900 | Orc:2    | Found Miczyboe's Antique Weapon Shop.
 23902 | Orc:2    | Received a gift from Trog
 23908 | Orc:2    | Paralysed by an orc sorcerer for 3 turns
 23939 | Orc:2    | Found Uhofuz's Distillery.
 24409 | D:13     | Found a gate to the Vaults.
 25036 | D:14     | Found Ydymif's Assorted Antiques.
 26359 | D:14     | Noticed Urug
 26366 | D:14     | Killed Urug
 26453 | D:15     | Entered Level 15 of the Dungeon
 26582 | D:15     | Found a staircase to the Depths.
 26582 | D:15     | Noticed a fire giant
 26838 | D:15     | Found an iron altar of Okawaru.
 26858 | D:15     | Killed a fire giant
 27033 | D:15     | Received a gift from Trog
 27145 | D:15     | Noticed Louise
 27152 | D:15     | Killed Louise
 27428 | D:15     | Noticed Agnes
 27434 | D:15     | Killed Agnes
 28221 | Swamp:1  | Entered Level 1 of the Swamp
 28428 | Swamp:1  | Gained mutation: You have a pair of large horns on your head. [demonic ancestry]
 28428 | Swamp:1  | Reached XP level 16. HP: 147/147 MP: 5/16
 28832 | Swamp:1  | Received a gift from Trog
 29127 | Swamp:1  | Reached skill level 19 in Axes
 29704 | Swamp:2  | Reached skill level 15 in Fighting
 29877 | Swamp:2  | Noticed a thorn hunter
 29897 | Swamp:2  | Killed a thorn hunter
 31828 | Swamp:4  | Entered Level 4 of the Swamp
 32022 | Swamp:4  | HP: 6/149 [spriggan druid/stone arrow (35)]
 32023 | Swamp:4  | Killed from afar by a spriggan druid

Vault maps used:
D:1:      dpeg_arrival_chase, item_on_display_a
D:2:      evilmike_ruin_ashenzari
D:3:      first_bread, uniq_iyjb
D:4:      kennysheep_mini, nicolae_overflow_hidden_temple,
          minmay_temple_entry_trees, serial_shops, shop,
          gup_ossuary_entry_pyramid
D:5:      kennysheep_little_box, nicolae_tso_swordbearing_angel
D:6:      lemuel_doored_altar, item_on_display_a, uniq_prince_ribbit1,
          uniq_menkaure, uniq_blork_the_orc, uniq_grinder
D:7:      led_sif_book, lemuel_round_altar, minmay_stone_trees_medium,
          grunt_ogre_cave, uniq_joseph, uniq_duvessa
D:8:      nicolae_overflow_crystal_walls, serial_shops, shop,
          kennysheep_minor_cross, uniq_grum
D:9:      david_lair_generic, special_room, basic_altar,
          grunt_decor_mini_mirrors, nicolae_two_hexagons, eino_house_with_fridge
D:11:     nrook_guardian_serpent_snake_passage, uniq_maud
D:12:     kennysheep_orc_monster_closet_entryway
D:13:     david_vaults_1
D:14:     serial_shops, nicolae_shop_overgrown_old_shop,
          minmay_misc_feat_encased, uniq_urug
D:15:     grunt_enter_depths_giant_problem, lemuel_statue_altar, ice2_lemuel,
          uniq_agnes, uniq_louise
Lair:1:   portal_ice_cave_entry_ice_beasts, serial_bayou_pond_a,
          beast_lair_carwin_11, lemuel_fruit_fields, grunt_megastairs_5,
          lemuel_fruit_tree, infiniplex_staircase_pool
Lair:2:   uniq_gastronok
Lair:3:   grunt_megastairs_3
Lair:4:   dpeg_oklob_gauntlet, nicolae_volcano_entry_lava_flow,
          serial_bayou_pond_b
Lair:5:   minmay_swamp_entry_reptiles, grunt_megastairs_2
Lair:6:   wad_woods_tower, guppyfry_snake_entry_garden, slime_altar_1,
          basic_altar, small_statue_intersection, infiniplex_staircase_pool_2,
          uniq_kirke, uniq_josephine
Lair:7:   beast_lair_carwin_3
Lair:8:   evilmike_catoblepas_cave, grunt_megastairs_1
Swamp:1:  evilmike_swamp_ruin_house_1, swamp_pool1
Swamp:2:  evilmike_swamp_ruin_house_6
Swamp:3:  evilmike_swamp_ruin_wall, cheibrodos_swamp_kobolds
Swamp:4:  swamp_vile, swamp_pool4
Orc:1:    nicolae_orc_accident_3
Orc:2:    kennysheep_orc_mage_school, uniq_saint_roka
Ossuary:  ossuary_zaba_flooded
IceCv:    ice_cave_tombish
Volcano:  volcano_overflow

Skill      XL: |  1  2  3  4  5  6  7  8  9 10 11 12 13 14 15 16 |
---------------+-------------------------------------------------+-----
Axes           | 3 4 5 6 7 9 11 12 14 15 16 17 18 19 | 19.5
Fighting       | 4 5 7 8 10 11 12 13 14 15 | 15.3
Armour         | 5 7 8 10 11 12 | 12.2
Dodging        | |  1.7

Action                   |  1- 3 |  4- 6 |  7- 9 | 10-12 | 13-15 | 16-18 || total
-------------------------+-------+-------+-------+-------+-------+-------++-------
Melee: Hand axe          |   122 |    38 |       |       |       |       ||   160
       War axe           |       |    79 |   204 |   243 |       |       ||   526
       Battleaxe         |       |       |       |   118 |       |       ||   118
       Executioner's axe |       |       |       |   140 |   840 |   263 ||  1243
Invok: Berserk           |       |     1 |     9 |    11 |    16 |       ||    37
       Burn Spellbooks   |       |     1 |     2 |     2 |     5 |     2 ||    12
       Brothers in Arms  |       |       |       |     3 |     8 |       ||    11
Evoke: Wand              |       |       |       |       |     1 |       ||     1
  Use: Scroll            |     8 |     4 |    10 |    13 |    14 |     5 ||    54
       Potion            |     2 |     3 |       |     1 |     3 |       ||     9
 Stab: Sleeping          |       |     1 |     1 |       |       |       ||     2
       Distracted        |       |       |     2 |     3 |    10 |     1 ||    16
  Eat: Chunk             |     1 |     4 |    16 |    33 |    33 |     4 ||    91
       Bread ration      |       |       |     1 |     2 |     7 |     2 ||    12
